 Dungeon Crawl Stone Soup version 0.18-a0-1413-g4eaa9ac (webtiles) character file.

67 Duffy the Insei (level 4, -1/35 HPs)
             Began as a Demonspawn Monk on Feb 26, 2016.
             Slain by a goblin
             ... wielding a +0 dagger
             ... led by Robin
              (3 damage)
             ... on level 2 of the Dungeon.
             The game lasted 00:01:08 (1243 turns).

Duffy the Insei (Demonspawn Monk)                   Turns: 1243, Time: 00:01:08

Health: -1/35      AC:  6    Str: 12    XL:     4   Next: 0%
Magic:  0/4        EV: 11    Int: 11    God:
Gold:   92         SH:  0    Dex: 16    Spells: 0 memorised, 3 levels left

rFire  . . .     SeeInvis .       - Unarmed
rCold  . . .     Gourm    .     h - +0 ring mail
rNeg   . . .     Faith    .     (no shield)
rPois  .         Spirit   +     (helmet restricted)
rElec  .         Dismiss  .     (no cloak)
rCorr  .         Reflect  .     (no gloves)
SustAt .         Harm     .     g - +0 pair of boots
MR     .....                    (no amulet)
Stlth  +.........               (no ring)
                                (no ring)

@: not resistant to hostile enchantments, very unstealthy
A: horns 1, magic shield
a: no special abilities


You were on level 2 of the Dungeon.
You were not hungry.

You visited 1 branch of the dungeon, and saw 2 of its levels.

You collected 92 gold pieces.


Innate Abilities, Weirdness & Mutations

You have a pair of small horns on your head.
When hurt, damage is shared between your health and your magic reserves.


   Skills:
 - Level 3.0 Fighting
 - Level 2.6 Dodging
 - Level 1.7 Stealth
 + Level 5.1 Unarmed Combat


You had 3 spell levels left.
You didn't know any spells.

Inventory:

Armour
 a - a +0 robe
 g - a +0 pair of boots (worn)
 h - a +0 ring mail (worn)
Jewellery
 f - an uncursed ring of fire {unknown}
Scrolls
 c - 2 scrolls of remove curse {unknown}
 d - a scroll of immolation {unknown}
 e - 3 scrolls of magic mapping {unknown}
 i - a scroll of identify {unknown}
 k - a scroll of enchant armour {unknown}
Comestibles
 b - 2 bread rations
 j - a chunk of flesh

Dungeon Overview and Level Annotations

Branches:
Dungeon (2/15)

Altars:

Annotations:
D:2 Robin


Message History

The goblin hits you but does no damage.
You are too injured to fight recklessly!
You are too injured to fight recklessly!
You are too injured to fight recklessly!
You are too injured to fight recklessly!
You are too injured to fight recklessly!
You hit Robin.
Robin is heavily wounded.
The goblin hits you with a dagger. The goblin misses you.
The goblin hits you but does no damage. Robin hits you but does no damage.
The goblin barely misses you. The goblin hits you but does no damage.
The hobgoblin hits you with a club. The goblin barely misses you.
You hit Robin but do no damage.
Robin is moderately wounded.
The goblin hits you but does no damage. x3; The goblin closely misses you.
Robin hits you but does no damage. The goblin closely misses you.
The hobgoblin hits you with a club.
You hit Robin. You headbutt Robin, but do no damage.
Robin is heavily wounded.
The goblin hits you but does no damage. The goblin barely misses you.
The goblin hits you but does no damage. The goblin barely misses you.
The goblin misses you.
Robin says, "My army is invincible!"
The goblin hits you with a dagger. The hobgoblin barely misses you.
You completely miss Robin.
Robin is heavily wounded.
The goblin hits you with a club. The goblin misses you.
The goblin hits you with a dagger.
The goblin hits you but does no damage. x2
Robin hits you but does no damage. The goblin barely misses you.
You hit Robin but do no damage.
Robin is heavily wounded.
The hobgoblin hits you with a club. The goblin hits you but does no damage.
The goblin closely misses you. x3; The goblin hits you but does no damage.
The goblin hits you with a dagger.
You die...

........#.# #.........#
###.#.....# #.........#
###.#.....# #.........#
..........# #.........#
##......#.# #.........###########
........# # #....................
#.......#.#####'#+###............
#...)...#......ggg...............
#.......#......g@g...............
#.#.....#......ggg...............
#.#.....#.#####'#+###............
#.......# #. #############
........# #. ###.....# #.
........# # #. .#..###.#.........
......#.#.#......#


You could see Robin, a hobgoblin (frenzied) and 6 goblins.

Action                   |  1- 3 |  4- 6 || total
-------------------------+-------+-------++-------
Melee: Unarmed           |   119 |     8 ||   127
 Stab: Sleeping          |     1 |       ||     1
  Eat: Chunk             |     1 |       ||     1

Notes
Turn   | Place    | Note
--------------------------------------------------------------
     0 | D:1      | Duffy the Demonspawn Monk began the quest for the Orb.
     0 | D:1      | Reached XP level 1. HP: 18/18 MP: 1/1
    98 | D:1      | Reached skill level 4 in Unarmed Combat
   104 | D:1      | Gained mutation: When hurt, damage is shared between your health and your magic reserves. [demonic ancestry]
   104 | D:1      | Reached XP level 2. HP: 22/24 MP: 2/2
   957 | D:2      | Reached XP level 3. HP: 26/29 MP: 1/3
  1145 | D:2      | Noticed Natasha
  1154 | D:2      | Killed Natasha
  1154 | D:2      | Reached skill level 5 in Unarmed Combat
  1224 | D:2      | Noticed Robin
  1235 | D:2      | Gained mutation: You have a pair of small horns on your head. [demonic ancestry]
  1235 | D:2      | Reached XP level 4. HP: 27/35 MP: 2/4
  1243 | D:2      | Slain by a goblin

Vault maps used:
D:1:      tarquinn_simple_flora_water_c
D:2:      johnstein_pakellas_dig, uniq_natasha, uniq_robin

Vanquished Creatures
  Natasha
  A worm
  3 dart slugs
  A ball python
  3 giant cockroaches
  7 goblins
  2 hobgoblins
  2 jackals
  5 kobolds
  3 bats
  2 giant newts
  3 rats
33 creatures vanquished.
